NWL (28 & UNDER)
BISMARCK BARONS @ BISMARK BORDER GUARDS
07/21/2026
 
TOP OF THE 1ST
Bismarck Barons batting - Pitching for Bismark Border Guards : RHP Ben Cobb
Pitching: RHP Ben Cobb
Batting: LHB John Frost 0-0: Bunt missed!
0-1: Ball
1-1: Swinging Strike
1-2: Ball
2-2: SINGLE (Line Drive, 89M)
Batting: RHB Roberto García 0-0: Called Strike
John Frost steals 2nd base
0-1: Fly out, F4 (Popup, 4MS)
Batting: RHB David Canseco 0-0: Called Strike
0-1: Foul Ball, location: 2F
0-2: Foul Ball, location: 2F
0-2: Ball
1-2: Ball
2-2: Strikes out swinging
Batting: RHB Seiji Kouno 0-0: Ground out 4-3 (Groundball, 4)
Top of the 1st over - 0 run(s), 1 hit(s), 0 error(s), 1 left on base; Bismarck 0 - Bismark 0
BOTTOM OF THE 1ST
Bismark Border Guards batting - Pitching for Bismarck Barons : RHP Wilson Molina
Pitching: RHP Wilson Molina
Batting: RHB Edward Melton 0-0: Called Strike
0-1: Swinging Strike
0-2: Foul Ball, location: 2F
0-2: Foul Ball, location: 2F
0-2: Ball
1-2: Fly out, F4 (Popup, 4D)
Batting: LHB Rusty Herbert 0-0: Ground out 3-1 (Groundball, 34)
Batting: RHB Enrico Rodríguez 0-0: Hit by Pitch
Batting: RHB Mike Wright 0-0: Called Strike
0-1: Ball
1-1: Ball
2-1: Swinging Strike
2-2: Ball
3-2: Strikes out swinging
Bottom of the 1st over - 0 run(s), 0 hit(s), 0 error(s), 1 left on base; Bismarck 0 - Bismark 0
TOP OF THE 2ND
Bismarck Barons batting - Pitching for Bismark Border Guards : RHP Ben Cobb
Batting: SHB Manuel Hegnauer 0-0: Ball
1-0: Called Strike
1-1: Foul Ball, location: 2F
1-2: Ball
2-2: Foul Ball, location: 2F
2-2: Ball
3-2: Strikes out swinging
Batting: RHB Esteban Lara 0-0: Ball
1-0: Called Strike
1-1: Called Strike
1-2: Foul Ball, location: 2F
1-2: Strikes out looking
Batting: RHB Pancho Torres 0-0: Ball
1-0: Called Strike
1-1: Fly out, F8 (Flyball, 8LM)
Top of the 2nd over - 0 run(s), 0 hit(s), 0 error(s), 0 left on base; Bismarck 0 - Bismark 0
BOTTOM OF THE 2ND
Bismark Border Guards batting - Pitching for Bismarck Barons : RHP Wilson Molina
Batting: RHB Doug Williams 0-0: Called Strike
0-1: Called Strike
0-2: Strikes out swinging
Batting: LHB Norbert Mosley 0-0: Foul Ball, location: 2F
0-1: Ball
1-1: Fly out, F8 (Flyball, 8LS)
Batting: RHB Trent Rasmussen 0-0: Ball
1-0: Ball
2-0: Ball
3-0: Called Strike
3-1: Foul Ball, location: 2F
3-2: Strikes out swinging
Bottom of the 2nd over - 0 run(s), 0 hit(s), 0 error(s), 0 left on base; Bismarck 0 - Bismark 0
TOP OF THE 3RD
Bismarck Barons batting - Pitching for Bismark Border Guards : RHP Ben Cobb
Batting: RHB Michael Thomas 0-0: Called Strike
0-1: Foul Ball, location: 2F
0-2: Foul Ball, location: 2F
0-2: Ball
1-2: Foul Ball, location: 2F
1-2: Strikes out swinging
Batting: LHB Jorge Fernández 0-0: Swinging Strike
0-1: Ball
1-1: Fly out, F6 (Popup, 6M)
Batting: LHB John Frost 0-0: Ball
1-0: SINGLE (Line Drive, 4D)
Batting: RHB Roberto García 0-0: Called Strike
0-1: Foul Ball, location: 2F
0-2: Strikes out swinging
Top of the 3rd over - 0 run(s), 1 hit(s), 0 error(s), 1 left on base; Bismarck 0 - Bismark 0
BOTTOM OF THE 3RD
Bismark Border Guards batting - Pitching for Bismarck Barons : RHP Wilson Molina
Batting: SHB Vicente Pagán 0-0: Called Strike
0-1: Foul Ball, location: 2F
0-2: Fly out, F9 (Flyball, 9LM)
Batting: RHB Reynaldo Slomp 0-0: Ball
1-0: Foul Ball, location: 2F
1-1: SINGLE (Groundball, 6MD)
Batting: RHB Edward Melton 0-0: Foul Ball, location: 2F
0-1: Foul Ball, location: 2F
0-2: Strikes out swinging
Batting: LHB Rusty Herbert 0-0: Ball
1-0: Ground out 4-3 (Groundball, 13)
Bottom of the 3rd over - 0 run(s), 1 hit(s), 0 error(s), 1 left on base; Bismarck 0 - Bismark 0
TOP OF THE 4TH
Bismarck Barons batting - Pitching for Bismark Border Guards : RHP Ben Cobb
Batting: RHB David Canseco 0-0: Called Strike
0-1: Called Strike
0-2: Foul Ball, location: 2F
0-2: Strikes out swinging
Batting: RHB Seiji Kouno 0-0: Ball
1-0: Called Strike
1-1: Called Strike
1-2: Ball
2-2: Foul Ball, location: 2F
2-2: Ball
3-2: Ground out 6-3 (Groundball, 6S)
Batting: SHB Manuel Hegnauer 0-0: Ball
1-0: SINGLE (Groundball, 6MD) (infield hit)
Batting: RHB Esteban Lara 0-0: Ball
1-0: Ground out 5-3 (Groundball, 56S)
Top of the 4th over - 0 run(s), 1 hit(s), 0 error(s), 1 left on base; Bismarck 0 - Bismark 0
BOTTOM OF THE 4TH
Bismark Border Guards batting - Pitching for Bismarck Barons : RHP Wilson Molina
Batting: RHB Enrico Rodríguez 0-0: Foul Ball, location: 2F
0-1: Ball
1-1: Ball
2-1: Swinging Strike
2-2: Strikes out swinging
Batting: RHB Mike Wright 0-0: SINGLE (Groundball, 5D)
Batting: RHB Doug Williams 0-0: Called Strike
0-1: Ball
1-1: Swinging Strike
1-2: Strikes out swinging
Batting: LHB Norbert Mosley 0-0: Ball
1-0: Called Strike
1-1: Called Strike
1-2: Ball
2-2: Strikes out looking
Bottom of the 4th over - 0 run(s), 1 hit(s), 0 error(s), 1 left on base; Bismarck 0 - Bismark 0
TOP OF THE 5TH
Bismarck Barons batting - Pitching for Bismark Border Guards : RHP Ben Cobb
Batting: RHB Pancho Torres 0-0: Fly out, F8 (Flyball, 8RS)
Batting: RHB Michael Thomas 0-0: Ball
1-0: Foul Ball, location: 2F
1-1: Called Strike
1-2: Strikes out swinging
Batting: LHB Jorge Fernández 0-0: Ball
1-0: Ball
2-0: Ball
3-0: Called Strike
3-1: Called Strike
3-2: Strikes out looking
Top of the 5th over - 0 run(s), 0 hit(s), 0 error(s), 0 left on base; Bismarck 0 - Bismark 0
BOTTOM OF THE 5TH
Bismark Border Guards batting - Pitching for Bismarck Barons : RHP Wilson Molina
Batting: RHB Trent Rasmussen 0-0: Ball
1-0: Ball
2-0: Ball
3-0: Foul Ball, location: 2F
3-1: Base on Balls
Batting: SHB Vicente Pagán 0-0: Foul Ball, location: 2F
0-1: Foul Ball, location: 2F
0-2: Foul Ball, location: 2F
0-2: Ball
1-2: Strikes out swinging
Batting: RHB Reynaldo Slomp 0-0: Ball
1-0: Ball
2-0: Called Strike
2-1: Hit by Pitch
Trent Rasmussen to second
Batting: RHB Edward Melton 0-0: Fly out, F8 (Line Drive, 8LXD)
Runner from 2nd tags up, SAFE at 3rd, no throw
Batting: LHB Rusty Herbert 0-0: Ball
1-0: Ball
2-0: Ball
3-0: Called Strike
3-1: Base on Balls
Reynaldo Slomp to second
Batting: RHB Enrico Rodríguez 0-0: Swinging Strike
0-1: Foul Ball, location: 2F
0-2: Strikes out swinging
Bottom of the 5th over - 0 run(s), 0 hit(s), 0 error(s), 3 left on base; Bismarck 0 - Bismark 0
TOP OF THE 6TH
Bismarck Barons batting - Pitching for Bismark Border Guards : RHP Ben Cobb
Batting: LHB John Frost 0-0: Called Strike
0-1: Ball
1-1: Fly out, F6 (Popup, 56)
Batting: RHB Roberto García 0-0: Swinging Strike
0-1: Swinging Strike
0-2: Foul Ball, location: 2F
0-2: Ball
1-2: Foul Ball, location: 2F
1-2: Ball
2-2: Ball
3-2: Strikes out swinging
Batting: RHB David Canseco 0-0: Called Strike
0-1: Called Strike
0-2: Ball
1-2: Foul Ball, location: 2F
1-2: Strikes out swinging
Top of the 6th over - 0 run(s), 0 hit(s), 0 error(s), 0 left on base; Bismarck 0 - Bismark 0
BOTTOM OF THE 6TH
Bismark Border Guards batting - Pitching for Bismarck Barons : RHP Wilson Molina
Batting: RHB Mike Wright 0-0: Ball
1-0: Ball
2-0: Ball
3-0: Called Strike
3-1: Fly out, F8 (Line Drive, 8LM)
Batting: RHB Doug Williams 0-0: Ball
1-0: DOUBLE (Popup, 3D)
Batting: LHB Norbert Mosley 0-0: Ball
1-0: Called Strike
1-1: Foul Ball, location: 2F
1-2: Ball
2-2: Foul Ball, location: 2F
2-2: Foul Ball, location: 2F
2-2: Ball
3-2: DOUBLE (Flyball, 9D)
Doug Williams scores
Pitching: LHP Christiano Gomes
Batting: RHB Trent Rasmussen 0-0: Ball
1-0: Ball
2-0: Ball
3-0: Base on Balls
Batting: SHB Vicente Pagán 0-0: Ball
1-0: Foul Ball, location: 2F
1-1: Fielders Choice at 2nd, 6-4 (Groundball, 6M)
Norbert Mosley to third
Batting: RHB Reynaldo Slomp 0-0: Called Strike
0-1: Ball
1-1: Ball
2-1: Ball
3-1: Base on Balls
Vicente Pagán to second
Batting: RHB Edward Melton 0-0: Ball
1-0: Called Strike
1-1: Fielders Choice at 2nd, 6-4 (Groundball, 6)
Bottom of the 6th over - 1 run(s), 2 hit(s), 0 error(s), 2 left on base; Bismarck 0 - Bismark 1
TOP OF THE 7TH
Bismarck Barons batting - Pitching for Bismark Border Guards : RHP Ben Cobb
Batting: RHB Seiji Kouno 0-0: Ball
1-0: Swinging Strike
1-1: Fly out, F8 (Flyball, 8RD)
Batting: SHB Manuel Hegnauer 0-0: Called Strike
0-1: Foul Ball, location: 2F
0-2: Ground out U3 (Groundball, 3)
Batting: RHB Esteban Lara 0-0: Called Strike
0-1: Called Strike
0-2: Strikes out swinging
Top of the 7th over - 0 run(s), 0 hit(s), 0 error(s), 0 left on base; Bismarck 0 - Bismark 1
BOTTOM OF THE 7TH
Bismark Border Guards batting - Pitching for Bismarck Barons : LHP Christiano Gomes
Batting: LHB Rusty Herbert 0-0: Ball
1-0: Ball
2-0: Called Strike
2-1: Ball
3-1: Fly out, F4 (Popup, 4MS)
Batting: RHB Enrico Rodríguez 0-0: Called Strike
0-1: Ball
1-1: Ball
2-1: SOLO HOME RUN (Flyball, 78XD), Distance : 414 ft
Batting: RHB Mike Wright 0-0: Ball
1-0: Foul Ball, location: 2F
1-1: Called Strike
1-2: Foul Ball, location: 2F
1-2: Ball
2-2: DOUBLE (Line Drive, 7LS)
Pitching: RHP Armando Torres
Batting: RHB Doug Williams 0-0: Foul Ball, location: 2F
0-1: Foul Ball, location: 2F
0-2: Foul Ball, location: 2F
0-2: Ball
1-2: Strikes out swinging
Batting: LHB Norbert Mosley 0-0: Called Strike
0-1: Swinging Strike
0-2: SINGLE (Groundball, 25) (infield hit)
Mike Wright to third
Batting: RHB Trent Rasmussen 0-0: Ball
1-0: Foul Ball, location: 2F
1-1: Ball
2-1: Ball
3-1: Foul Ball, location: 2F
3-2: Foul Ball, location: 2F
3-2: Foul Ball, location: 2F
3-2: Foul Ball, location: 2F
3-2: DOUBLE (Line Drive, 7LS)
Mike Wright scores
Norbert Mosley to third
Norbert Mosley scores
Batting: SHB Vicente Pagán 0-0: Ball
1-0: Foul Ball, location: 2F
1-1: Ball
2-1: Ball
3-1: Foul Ball, location: 2F
3-2: Fly out, F7 (Flyball, 7M)
Bottom of the 7th over - 3 run(s), 4 hit(s), 0 error(s), 1 left on base; Bismarck 0 - Bismark 4
TOP OF THE 8TH
Bismarck Barons batting - Pitching for Bismark Border Guards : RHP Ben Cobb
Pitching: RHP Edward Hastings
Batting: RHB Pancho Torres 0-0: Called Strike
0-1: Ball
1-1: Swinging Strike
1-2: Ball
2-2: Strikes out swinging
Batting: RHB Michael Thomas 0-0: Called Strike
0-1: Foul Ball, location: 2F
0-2: Ball
1-2: Foul Ball, location: 2F
1-2: Strikes out swinging
Batting: LHB Jorge Fernández 0-0: Called Strike
0-1: Foul Ball, location: 2F
0-2: Ball
1-2: Strikes out swinging
Top of the 8th over - 0 run(s), 0 hit(s), 0 error(s), 0 left on base; Bismarck 0 - Bismark 4
BOTTOM OF THE 8TH
Bismark Border Guards batting - Pitching for Bismarck Barons : RHP Armando Torres
Batting: RHB Reynaldo Slomp 0-0: Ball
1-0: Foul Ball, location: 2F
1-1: Swinging Strike
1-2: Strikes out swinging
Batting: RHB Edward Melton 0-0: Swinging Strike
0-1: Swinging Strike
0-2: Ball
1-2: Ball
2-2: SINGLE (Groundball, 56)
Batting: LHB Rusty Herbert 0-0: Ball
1-0: Called Strike
1-1: Swinging Strike
1-2: Strikes out swinging
Batting: RHB Enrico Rodríguez 0-0: Called Strike
0-1: Called Strike
0-2: Ball
1-2: Ball
2-2: Strikes out swinging
Bottom of the 8th over - 0 run(s), 1 hit(s), 0 error(s), 1 left on base; Bismarck 0 - Bismark 4
TOP OF THE 9TH
Bismarck Barons batting - Pitching for Bismark Border Guards : RHP Edward Hastings
Batting: LHB John Frost 0-0: Called Strike
0-1: Swinging Strike
0-2: Foul Ball, location: 2F
0-2: Fly out, F8 (Line Drive, 8RM)
Batting: RHB Roberto García 0-0: Foul Ball, location: 2F
0-1: Swinging Strike
0-2: Ball
1-2: Foul Ball, location: 2F
1-2: Foul Ball, location: 2F
1-2: Strikes out swinging
Batting: RHB David Canseco 0-0: Swinging Strike
0-1: Ground out 1-3 (Groundball, 15)
Top of the 9th over - 0 run(s), 0 hit(s), 0 error(s), 0 left on base; Bismarck 0 - Bismark 4
Monday, December 5th, 2016 - OOTP Baseball 17.12 Build 75